AoeStats
← VeteRocha

Nomad

510458378Analyzed
2v2 RM · 1d ago on Oct 1, 2026· 40m 32s· 4 players
Game mode
Random Map
Map size
176×176
Population
200
Speed
Normal
Resources
Standard
Victory
Conquest
Starting age
Dark Age
Ending age
Imperial Age
RankedLock teamsTeams togetherTeam positionsShared explorationLock speedFull tech treeHidden civsTurbo modeCheats
Victory
Defeat
🇨🇦 Celts · Canada
1154
+14
🇦🇷 Sicilians · Argentina
1054
+18
🇲🇽 Mongols · Mexico
1104
-16
🇲🇽 Japanese · Mexico
1101
-16
Tesistaní
5:06 Loom
13:31 Feudal Age
14:27 Double-Bit Axe
16:29 Fishing Lines
19:37 Town Watch
22:23 Castle Age
22:26 Forging
23:33 Bow Saw
23:43 Scale Barding Armor
23:48 Husbandry
23:12 Light Cavalry
26:51 Bloodlines
30:35 Iron Casting
30:43 Gillnets
33:56 Wheelbarrow
36:23 Hand Cart
37:50 Bow Saw
37:46 Fletching
38:23 Guard Tower
41:31 Imperial Age
[GDL] Aníbal
7:45 Loom
14:24 Feudal Age
15:19 Double-Bit Axe
16:10 Gold Mining
17:17 Wheelbarrow
19:21 Castle Age
18:16 Horse Collar
18:30 Stone Mining
20:47 Scale Barding Armor
21:23 Husbandry
24:59 Bloodlines
25:42 Fletching
30:29 Chain Barding Armor
30:19 Forging
31:00 Hand Cart
36:58 Imperial Age
35:55 Iron Casting
35:07 Town Watch
36:29 Gold Shaft Mining
37:57 Elite Mangudai
39:28 Padded Archer Armor
39:54 Bodkin Arrow
39:58 Murder Holes
bumap
5:53 Loom
14:52 Feudal Age
18:42 Castle Age
17:25 Double-Bit Axe
17:23 Fishing Lines
21:09 Wheelbarrow
21:27 Bow Saw
23:22 Town Watch
24:05 Hand Cart
24:34 Gillnets
24:38 Gold Mining
26:12 Forging
26:41 Horse Collar
27:28 Heavy Plow
28:12 Pikeman
32:28 Imperial Age
31:04 Stone Mining
31:48 Scale Mail Armor
32:44 Iron Casting
32:52 Chain Mail Armor
33:31 Furor Celtica
33:25 Capped Ram
35:04 Halberdier
36:48 Plate Mail Armor
37:30 Conscription
38:24 Blast Furnace
37:26 Siege Ram
40:57 Fletching
VeteRocha
6:21 Loom
13:20 Feudal Age
18:09 Forging
18:00 Scale Mail Armor
21:30 Gold Mining
25:47 Castle Age
24:40 Fletching
30:56 Pikeman
32:32 Iron Casting
39:32 Chain Mail Armor
Connection lost

Rejoining the realm…

Still unreachable

The connection could not be restored.

Session expired

The server has moved on; the page needs a fresh start.